Unix NetHack Version 3.7.0-83 Work-in-progress - last build Apr 28 2023 12:05:44 (2625824c38750939014cf799bb7ff71c9e9c2d48,branch:master). Game began 2023-05-07 09:08:20, ended 2023-05-07 09:53:33. tromix, lawful male human Priest ---- ---- --- ## #### ------..-------- --- |..| ---.-##* ########0 --.|..........|.--- ---.--- |..|--....(#* ##..##[# --- |.................--|.....--- |.--|......#0 #....#0 --.--- |............^.....-|.......--|.| |......--###..## |....-- --...............|..---*.....||.--|.....0..--#:P## --....-- ----.----...--..|-..----.^..-|..----..--.[..)e@#* ---...>.| --- --..--..|--..--|.....|....--.|...-----.*--- |...--..| ---- ------------....----.[--.|.....)(....|.--- |....| |.------- |..---............--..| |....---.|.--...)-..| |....--- ----|.| ---- |......---------------- |....| -----|...|..-- --.....| |..--.| |..| ----.------ |...-- --...|.--- ---.....--|...<.| ----..| |....| ----- |....|.|..---0|........|--..^.---.....| |.---- --...(..|...|......--..-- |*.......---.| |.| --...0...| -.......------ --....---||..| |.| |.......----...(...| --......||..| |.| |-......--.........------------.....|---- --.----- |.................................--- |......| --..............---------------..-- --.--.-- ---.---------.-- |..| ------ --- --- ---- Tromix the Adept St:12 Dx:11 Co:18 In:9 Wi:16 Ch:10 Lawful Dlvl:5 $:0 HP:0(57) Pw:76(76) AC:3 Exp:6 T:3775 Latest messages: You are frozen by the floating eye's gaze! The newt bites! The newt bites! The newt just misses! The newt misses! The newt misses! The newt bites! The newt bites! The newt bites! The newt bites! The newt bites! The newt bites! The newt bites! The newt bites! The newt bites! The newt bites! The newt bites! The gray ooze bites! Your robe is not affected by oxidation. The newt misses! The newt bites! The newt misses! The newt bites! The gray ooze bites! Your robe is not affected by oxidation. The newt just misses! The newt bites! The newt bites! The newt misses! The newt bites! The newt bites! The newt bites! The newt misses! The newt misses! The gray ooze bites! Your robe is not affected by oxidation. The newt bites! The newt bites! The newt bites! The newt bites! The newt bites! The newt bites! The gray ooze bites! Your hard hat rusts! You die... Do you want your possessions identified? [ynq] (y) y Do you want to see your attributes? [ynq] (y) y Do you want an account of creatures vanquished? [ynaq] (y) y Do you want to see your conduct and achievements? [ynq] (y) y Do you want to see the dungeon overview? [ynq] (y) y Inventory: Amulets v - a blessed amulet versus poison Weapons I - a +0 long sword a - a blessed rusty +1 mace (weapon in hand) Armor w - a rusty +0 dwarvish iron helm (being worn) C - a +1 pair of high boots (being worn) x - a +0 pair of iron shoes c - a +0 small shield (being worn) b - a +0 robe (being worn) Comestibles e - a clove of garlic S - a cream pie B - 2 food rations f - a sprig of wolfsbane Scrolls t - 2 scrolls of identify Spellbooks A - a spellbook of cause fear g - a spellbook of detect monsters Potions N - a potion of booze y - a potion of fruit juice K - a potion of full healing j - a potion of oil D - a potion of sleeping d - 4 potions of holy water Wands P - a wand of teleportation (0:8) Tools O - a blindfold q - a +0 pick-axe u - 4 tallow candles G - a towel Gems/Stones L - 2 worthless pieces of black glass H - a worthless piece of green glass M - a worthless piece of red glass J - a worthless piece of violet glass Tromix the Priest's attributes: Background: You were an Adept, a level 6 human Priest. You were lawful, on a mission for Shan Lai Ching who was opposed by Chih Sung-tzu (neutral) and Huan Ti (chaotic). You were in the Gnomish Mines, on level 5. You entered the dungeon 3775 turns ago. There was a full moon in effect when your adventure ended. You had 328 experience points, 312 more were needed to attain level 7. Basics: You had 0 out of 57 hit points. You had all 76 energy points (spell power). Your armor class was 3. Your wallet was empty. Autopickup was off. Final Characteristics: Your strength was 12 (limit:18/100). Your dexterity was 11 (limit:18). Your constitution was 18 (limit:18). Your intelligence was 9 (limit:18). Your wisdom was 16 (limit:18). Your charisma was 10 (limit:18). Final Status: You were not hungry. You were unencumbered. You were wielding a mace. You were skilled in mace. Final Attributes: You were piously aligned. You were guarded. You were lucky. You are dead. Miscellaneous: You disabled loading of bones levels. Total elapsed playing time was 45 minutes and 13 seconds. Major events: Turn 1: tromix the lawful human Priest entered the dungeon 760: entered the Gnomish Mines 1191: attained the rank of Acolyte (level 3) 3457: attained the rank of Adept (level 6) 3775: killed by a gray ooze, while frozen by a floating eye's gaze Vanquished creatures: a human zombie a wood nymph a rock piercer a fog cloud 5 gnome leaders 7 dwarves a kobold shaman an orc zombie a dwarf zombie a wererat a werejackal an iguana 4 hobbits 2 large kobolds a hobgoblin a yellow mold 28 gnomes a gnome zombie a gecko 7 jackals 2 foxes 2 kobolds 2 goblins 4 sewer rats 2 grid bugs 5 lichens 3 kobold zombies a newt 88 creatures vanquished. No species were genocided or became extinct. Voluntary challenges: You read items or engraved 1 time. You never engraved Elbereth. You never genocided any monsters. You never polymorphed an object. You used no wishes. Achievements: You entered a shop. You entered the Gnomish Mines. You attained the rank of Acolyte. You attained the rank of Adept. The Dungeons of Doom: levels 1 to 4 Level 1: A fountain. Level 2: A general store, many fountains. Level 3: A potion shop. Stairs down to The Gnomish Mines. Level 4: A fountain. The Gnomish Mines: levels 4 to 8 Level 4: Level 5: <- You were here. Final resting place for you, killed by a gray ooze, while frozen by a floating eye's gaze. Level 6: Level 7: Level 8: Game over: ---------- / \ / REST \ / IN \ / PEACE \ / \ | tromix | | 0 Au | | killed by a gray | | ooze | | | | | | 2023 | *| * * * | * _________)/\\_//(\/(/\)/\//\/|_)_______ Goodbye tromix the Priest... You died in The Gnomish Mines on dungeon level 5 with 1662 points, and 0 pieces of gold, after 3775 moves. You were level 6 with a maximum of 57 hit points when you died.